UNITED STATES SILVER LEAGUE
SAN FRANCISCO FOG VS MONTREAL RIVERMEN
08/01/2014
 
TOP OF THE 1ST
Montreal Rivermen batting - Pitching for San Francisco Fog : RHP Júlio Magana
Pitching: RHP Júlio Magana
Batting: LHB Harold Logan 0-0: Called Strike
0-1: Fly out, F9 (Flyball, 89M)
Batting: RHB Dave King 0-0: Ball
1-0: Called Strike
1-1: Ball
2-1: Ground out 6-3 (Groundball, 6)
Batting: LHB Peter Heath 0-0: SINGLE (Line Drive, 4MD)
Batting: RHB Kevin Howard 0-0: Ball
1-0: Ball
2-0: Ball
3-0: Base on Balls
Peter Heath to second
Batting: LHB Ernesto Castro 0-0: Ball
1-0: Ball
2-0: Foul Ball, location: 2F
2-1: Fly out, F8 (Flyball, 8LM)
Top of the 1st over - 0 run(s), 1 hit(s), 0 error(s), 2 left on base; Montreal 0 - San Francisco 0
BOTTOM OF THE 1ST
San Francisco Fog batting - Pitching for Montreal Rivermen : LHP Miguel Cruz
Pitching: LHP Miguel Cruz
Batting: RHB Manuel González 0-0: Called Strike
0-1: Ball
1-1: Ball
2-1: Fly out, F8 (Flyball, 8RM)
Batting: RHB Chris O'Colgley 0-0: Ball
1-0: Foul Ball, location: 2F
1-1: Fly out, F7 (Flyball, 7M)
Batting: RHB Fernando López 0-0: SINGLE (Line Drive, 34)
Batting: RHB Pablo León 0-0: Called Strike
0-1: Called Strike
0-2: Ball
1-2: Ground out 4-3 (Groundball, 4M)
Bottom of the 1st over - 0 run(s), 1 hit(s), 0 error(s), 1 left on base; Montreal 0 - San Francisco 0
TOP OF THE 2ND
Montreal Rivermen batting - Pitching for San Francisco Fog : RHP Júlio Magana
Batting: RHB Pete Davidson 0-0: Called Strike
0-1: Ball
1-1: Fly out, F7 (Flyball, 78D)
Batting: LHB Fai Huang 0-0: Ball
1-0: Fly out, F8 (Flyball, 89M)
Batting: RHB Ares Jilavian 0-0: Foul Ball, location: 2F
0-1: Ground out 5-3 (Groundball, 56)
Top of the 2nd over - 0 run(s), 0 hit(s), 0 error(s), 0 left on base; Montreal 0 - San Francisco 0
BOTTOM OF THE 2ND
San Francisco Fog batting - Pitching for Montreal Rivermen : LHP Miguel Cruz
Batting: RHB Jorge Gonzáles 0-0: Called Strike
0-1: DOUBLE (Line Drive, 78S)
Batting: RHB Matt Mooney 0-0: Foul Ball, location: 2F
0-1: Called Strike
0-2: Strikes out swinging
Batting: RHB Mark Ross 0-0: Ground out 4-3 (Groundball, 4M)
Jorge Gonzáles to third
Batting: LHB Manuel Núñez 0-0: SINGLE (Groundball, 4MD)
Jorge Gonzáles scores
Batting: LHB Júlio Magana 0-0: SINGLE (Groundball, 4MD) (infield hit)
Manuel Núñez to second
Batting: RHB Manuel González 0-0: Called Strike
0-1: Swinging Strike
0-2: Foul Ball, location: 2F
0-2: Ball
1-2: Fielders Choice at 2nd, 6-4 (Groundball, 6)
Bottom of the 2nd over - 1 run(s), 3 hit(s), 0 error(s), 2 left on base; Montreal 0 - San Francisco 1
TOP OF THE 3RD
Montreal Rivermen batting - Pitching for San Francisco Fog : RHP Júlio Magana
Batting: LHB Miguel Cruz 0-0: Ball
1-0: Ball
2-0: Ground out 6-3 (Groundball, 6M)
Batting: LHB Harold Logan 0-0: Swinging Strike
0-1: Ball
1-1: Ball
2-1: Ground out 5-3 (Groundball, 56S)
Batting: RHB Dave King 0-0: Ground out 4-3 (Groundball, 4)
Top of the 3rd over - 0 run(s), 0 hit(s), 0 error(s), 0 left on base; Montreal 0 - San Francisco 1
BOTTOM OF THE 3RD
San Francisco Fog batting - Pitching for Montreal Rivermen : LHP Miguel Cruz
Batting: RHB Chris O'Colgley 0-0: Ball
1-0: SINGLE (Line Drive, 6M)
Batting: RHB Fernando López 0-0: Ball
1-0: Ball
2-0: Ball
3-0: Called Strike
3-1: Fielders Choice at 2nd, 6-4 (Groundball, 6M)
Batting: RHB Pablo León 0-0: Ball
1-0: Ball
2-0: Ball
3-0: Base on Balls
Fernando López to second
Batting: RHB Jorge Gonzáles 0-0: Ball
1-0: Ground out U3 (Groundball, 3S)
Fernando López to third
Pablo León to second
Batting: RHB Matt Mooney 0-0: Ball
1-0: Swinging Strike
1-1: Foul Ball, location: 2F
1-2: Strikes out swinging
Bottom of the 3rd over - 0 run(s), 1 hit(s), 0 error(s), 2 left on base; Montreal 0 - San Francisco 1
TOP OF THE 4TH
Montreal Rivermen batting - Pitching for San Francisco Fog : RHP Júlio Magana
Batting: LHB Peter Heath 0-0: Foul Ball, location: 2F
0-1: Ball
1-1: Ball
2-1: Foul Ball, location: 2F
2-2: Foul Ball, location: 2F
2-2: Ground out 4-3 (Groundball, 4M)
Batting: RHB Kevin Howard 0-0: Ball
1-0: Swinging Strike
1-1: Foul Ball, location: 2F
1-2: Ball
2-2: Strikes out looking
Batting: LHB Ernesto Castro 0-0: Swinging Strike
0-1: Ball
1-1: Foul Ball, location: 2F
1-2: Ball
2-2: Foul Ball, location: 2F
2-2: Ball
3-2: Base on Balls
Pitching: LHP Ken Moss
Batting: RHB Pete Davidson 0-0: Ball
1-0: Foul Ball, location: 2F
1-1: DOUBLE (Groundball, 5L)
Ernesto Castro to third
Batting: LHB Fai Huang 0-0: Ground out 1-3 (Groundball, 13S)
Top of the 4th over - 0 run(s), 1 hit(s), 0 error(s), 2 left on base; Montreal 0 - San Francisco 1
BOTTOM OF THE 4TH
San Francisco Fog batting - Pitching for Montreal Rivermen : LHP Miguel Cruz
Batting: RHB Mark Ross 0-0: Ground out 6-3 (Groundball, 6)
Batting: LHB Manuel Núñez 0-0: Ball
1-0: Called Strike
1-1: Called Strike
1-2: Fly out, F7 (Flyball, 78M)
Batting: LHB Ken Moss 0-0: Ball
1-0: SINGLE (Line Drive, 56)
Batting: RHB Manuel González 0-0: Ball
1-0: Ball
2-0: SINGLE (Line Drive, 78S)
Ken Moss to second
Batting: RHB Chris O'Colgley 0-0: Called Strike
0-1: Called Strike
0-2: SINGLE (Line Drive, 8RS)
Ken Moss to third
Manuel González to second
Batting: RHB Fernando López 0-0: GRAND SLAM HOME RUN (Flyball, 7D), Distance : 358 ft
Pitching: LHP Austin Brown
Batting: RHB Pablo León 0-0: SINGLE (Line Drive, 34)
Batting: RHB Jorge Gonzáles 0-0: Ball
1-0: Called Strike
1-1: Fly out, F5 (Line Drive, 5)
Bottom of the 4th over - 4 run(s), 5 hit(s), 0 error(s), 1 left on base; Montreal 0 - San Francisco 5
TOP OF THE 5TH
Montreal Rivermen batting - Pitching for San Francisco Fog : LHP Ken Moss
Batting: RHB Ares Jilavian 0-0: Ground out 6-3 (Groundball, 6M)
Batting: RHB Austin Brown 0-0: Swinging Strike
0-1: Swinging Strike
0-2: Strikes out swinging
Batting: LHB Harold Logan 0-0: Ball
1-0: Called Strike
1-1: Swinging Strike
1-2: Strikes out swinging, 2-3 out at first.
Top of the 5th over - 0 run(s), 0 hit(s), 0 error(s), 0 left on base; Montreal 0 - San Francisco 5
BOTTOM OF THE 5TH
San Francisco Fog batting - Pitching for Montreal Rivermen : LHP Austin Brown
Batting: RHB Matt Mooney 0-0: Ball
1-0: Ball
2-0: Called Strike
2-1: Swinging Strike
2-2: Foul Ball, location: 2F
2-2: Ball
3-2: Foul Ball, location: 2F
3-2: Base on Balls
Batting: RHB Mark Ross 0-0: Called Strike
0-1: Ball
1-1: Foul Ball, location: 2F
1-2: Foul Ball, location: 2F
1-2: Ball
2-2: Ball
3-2: Foul Ball, location: 2F
3-2: Ground out 4-3 (Groundball, 4S)
Matt Mooney to second
Batting: LHB Manuel Núñez 0-0: Called Strike
0-1: Called Strike
0-2: Ground out 3-1 (Groundball, 34)
Matt Mooney to third
Batting: LHB Ken Moss 0-0: Ball
1-0: Ball
2-0: Ball
3-0: Called Strike
3-1: Foul Ball, location: 2F
3-2: Foul Ball, location: 2F
3-2: Base on Balls
Batting: RHB Manuel González 0-0: Foul Ball, location: 2F
0-1: Called Strike
0-2: Strikes out swinging
Bottom of the 5th over - 0 run(s), 0 hit(s), 0 error(s), 2 left on base; Montreal 0 - San Francisco 5
TOP OF THE 6TH
Montreal Rivermen batting - Pitching for San Francisco Fog : LHP Ken Moss
Batting: RHB Dave King 0-0: Ball
1-0: Ball
2-0: Called Strike
2-1: Ball
3-1: Foul Ball, location: 2F
3-2: Foul Ball, location: 2F
3-2: Base on Balls
Batting: LHB Peter Heath 0-0: Ball
1-0: Ball
2-0: Ball
3-0: Called Strike
3-1: DOUBLE (Groundball, 3L)
Dave King to third
Batting: RHB Kevin Howard 0-0: Ball
1-0: Ball
2-0: Called Strike
2-1: Called Strike
2-2: Strikes out swinging
Batting: LHB Ernesto Castro 0-0: Called Strike
0-1: Ball
1-1: Ball
2-1: Fly out, F8 (Flyball, 8LXD)
Runner from 3rd tags up, SCORES, no throw
Batting: RHB Pete Davidson 0-0: Fly out, F3 (Popup, 3DF)
Top of the 6th over - 1 run(s), 1 hit(s), 0 error(s), 1 left on base; Montreal 1 - San Francisco 5
BOTTOM OF THE 6TH
San Francisco Fog batting - Pitching for Montreal Rivermen : LHP Austin Brown
Pitching: LHP Matthew Barnes
Batting: RHB Chris O'Colgley 0-0: Ball
1-0: Swinging Strike
1-1: Swinging Strike
1-2: Strikes out swinging
Batting: RHB Fernando López 0-0: Swinging Strike
0-1: Ball
1-1: Foul Ball, location: 2F
1-2: SINGLE (Groundball, 34S)
Batting: RHB Pablo León 0-0: Ball
1-0: Called Strike
1-1: Foul Ball, location: 2F
1-2: SINGLE (Line Drive, 78S)
Fernando López to second
Batting: RHB Jorge Gonzáles 0-0: Called Strike
0-1: Foul Ball, location: 2F
0-2: Ball
1-2: Ball
2-2: Ball
3-2: Strikes out swinging
Batting: RHB Matt Mooney 0-0: Called Strike
0-1: Foul Ball, location: 2F
0-2: Foul Ball, location: 2F
0-2: Ball
1-2: Ball
2-2: SINGLE (Flyball, 8RS)
Fernando López to third
Pablo León to second
Runner from 3rd tries for Home, SAFE, no throw or cutoff
Batting: RHB Mark Ross 0-0: Ball
1-0: Ground out 6-3 (Groundball, 6)
Bottom of the 6th over - 1 run(s), 3 hit(s), 0 error(s), 2 left on base; Montreal 1 - San Francisco 6
TOP OF THE 7TH
Montreal Rivermen batting - Pitching for San Francisco Fog : LHP Ken Moss
Now in RF: Armando Esparza
Batting: LHB Fai Huang 0-0: Ball
1-0: Ball
2-0: Called Strike
2-1: Bunted foul
2-2: Foul Ball, location: 2F
2-2: SINGLE (Groundball, 34D)
Batting: RHB Ares Jilavian 0-0: Foul Ball, location: 2F
0-1: SINGLE (Line Drive, 7S)
Fai Huang to second
Pinch Hitting: LHB António López 0-0: Ball
1-0: Ball
2-0: Called Strike
2-1: Foul Ball, location: 2F
2-2: Strikes out swinging
Batting: LHB Harold Logan 0-0: Swinging Strike
0-1: Ball
1-1: Called Strike
1-2: Ball
2-2: Ground out 6-3 (Groundball, 6MD)
Fai Huang to third
Ares Jilavian to second
Batting: RHB Dave King 0-0: Foul Ball, location: 2F
0-1: Foul Ball, location: 2F
0-2: Ball
1-2: Fly out, F9 (Flyball, 89D)
Top of the 7th over - 0 run(s), 2 hit(s), 0 error(s), 2 left on base; Montreal 1 - San Francisco 6
BOTTOM OF THE 7TH
San Francisco Fog batting - Pitching for Montreal Rivermen : LHP Matthew Barnes
Pitching: RHP Jim Boyd
Batting: LHB Manuel Núñez 0-0: Called Strike
0-1: Foul Ball, location: 2F
0-2: Ball
1-2: Strikes out swinging
Batting: LHB Ken Moss 0-0: Called Strike
0-1: Ball
1-1: Fly out, F8 (Line Drive, 8LS)
Batting: RHB Manuel González 0-0: Swinging Strike
0-1: Swinging Strike
0-2: Ball
1-2: Ball
2-2: Ground out 4-3 (Groundball, 4)
Bottom of the 7th over - 0 run(s), 0 hit(s), 0 error(s), 0 left on base; Montreal 1 - San Francisco 6
TOP OF THE 8TH
Montreal Rivermen batting - Pitching for San Francisco Fog : LHP Ken Moss
Batting: LHB Peter Heath 0-0: Foul Ball, location: 2F
0-1: Swinging Strike
0-2: Ball
1-2: Ball
2-2: DOUBLE (Flyball, 8RD) - OUT at third base trying to stretch hit.
Batting: RHB Kevin Howard 0-0: Ball
1-0: Ground out 6-3 (Groundball, 6M)
Batting: LHB Ernesto Castro 0-0: Foul Ball, location: 2F
0-1: Ball
1-1: Fly out, F6 (Popup, 6S)
Top of the 8th over - 0 run(s), 1 hit(s), 0 error(s), 0 left on base; Montreal 1 - San Francisco 6
BOTTOM OF THE 8TH
San Francisco Fog batting - Pitching for Montreal Rivermen : RHP Jim Boyd
Batting: RHB Chris O'Colgley 0-0: Swinging Strike
0-1: Ball
1-1: Foul Ball, location: 2F
1-2: Strikes out looking
Batting: RHB Fernando López 0-0: Ball
1-0: Fly out, F5 (Line Drive, 5)
Batting: RHB Pablo León 0-0: Called Strike
0-1: Ball
1-1: Foul Ball, location: 2F
1-2: Ball
2-2: Ball
3-2: Base on Balls
Batting: RHB Jorge Gonzáles 0-0: Ball
1-0: Called Strike
1-1: Called Strike
1-2: Ball
2-2: Foul Ball, location: 2F
2-2: Ground out 1-3 (Groundball, 13)
Bottom of the 8th over - 0 run(s), 0 hit(s), 0 error(s), 1 left on base; Montreal 1 - San Francisco 6
TOP OF THE 9TH
Montreal Rivermen batting - Pitching for San Francisco Fog : LHP Ken Moss
Batting: RHB Pete Davidson 0-0: Ball
1-0: Called Strike
1-1: Swinging Strike
1-2: Fly out, F7 (Line Drive, 7M)
Batting: LHB Fai Huang 0-0: Ball
1-0: Called Strike
1-1: Ball
2-1: Fly out, F4 (Popup, 4M)
Batting: RHB Ares Jilavian 0-0: Ball
1-0: Called Strike
1-1: Ball
2-1: Foul Ball, location: 2F
2-2: Ball
3-2: Base on Balls
Pinch Hitting: RHB Jason Owens 0-0: Foul Ball, location: 2F
0-1: Ball
1-1: Ball
2-1: DOUBLE (Line Drive, 7LM)
Ares Jilavian to third
Batting: LHB Harold Logan 0-0: Ball
1-0: Called Strike
1-1: 3-RUN HOME RUN (Flyball, 8RXD), Distance : 423 ft
Pitching: RHP Sancho Hernández
Batting: RHB Dave King 0-0: Ball
1-0: Swinging Strike
1-1: Called Strike
1-2: Strikes out swinging
Top of the 9th over - 3 run(s), 2 hit(s), 0 error(s), 0 left on base; Montreal 4 - San Francisco 6
This league is powered by Out of the Park Baseball, the baseball management simulation game for PC, Mac and Linux
Thursday, April 24th, 2014 - OOTP Baseball 14.6 Build 33